 Dungeon Crawl Stone Soup version 0.30-a0-292-g0f741e3f8e (webtiles) character file.

Game seed: 9174085943598076935

1255 ChrisCrawling the Magician (level 8, -7/56 HPs)
             Began as a Demonspawn Hedge Wizard on Oct 17, 2022.
             Was an Initiate of Sif Muna.
             Mangled by Maggie
             ... wielding a +1 vorpal scimitar
              (8 damage)
             ... on level 6 of the Dungeon.
             The game lasted 00:27:39 (4658 turns).

ChrisCrawling the Magician (DsHW)                   Turns: 4658, Time: 00:27:40

Health: -7/56      AC:  6    Str: 10    XL:     8   Next: 26%
Magic:  15/16      EV: 12    Int: 24    God:    Sif Muna [......]
Gold:   250        SH:  0    Dex: 12    Spells: 7/18 levels left

rFire   . . .      SeeInvis .    r - +3 dagger of Wyrd {vorpal, Int+5}
rCold   + . .      Faith    .    (no shield)
rNeg    . . .      Spirit   .    o - +2 leather armour "Ligg" {Fly rC+}
rPois   .          Reflect  .    c - +0 hat
rElec   .          Harm     .    (no cloak)
rCorr   .          Rampage  .    (no gloves)
Will    .....                    p - +0 pair of boots
Stlth   ++........               (no amulet)
HPRegen 0.29/turn                n - +4 ring of slaying
MPRegen 0.30/turn                (no ring)

@: flying
A: antennae 1, foul stench 1, magic regeneration, weakness stinger 1, demonic
touch 1
a: Renounce Religion


You were on level 6 of the Dungeon.
You worshipped Sif Muna.
Sif Muna was noncommittal.
You visited 1 branch of the dungeon, and saw 6 of its levels.

You collected 250 gold pieces.

Inventory:

Hand Weapons
 a - a +0 dagger
 h - a +3 dagger of venom
 m - a +2 short sword of speed
 r - the +3 dagger of Wyrd (weapon) {vorpal, Int+5}
   (You found it on level 3 of the Dungeon)

   It inflicts extra damage upon your enemies.
   Int:       It affects your intelligence (+5).
Missiles
 e - 12 poisoned darts
 f - 5 large rocks
 k - 72 stones
Armour
 b - a +0 robe
 c - a +0 hat (worn)
 o - the +2 leather armour "Ligg" (worn) {Fly rC+}
   (You found it on level 2 of the Dungeon)

   rC:        It protects you from cold.
   Fly:       It grants you flight.
 p - a +0 pair of boots (worn)
 F - a +0 pair of boots
Magical Staves
 D - a staff of cold
Jewellery
 n - a +4 ring of slaying (left hand)
Wands
 q - a wand of polymorph (10)
Scrolls
 g - a scroll of poison
 i - a scroll of silence
 l - a scroll of enchant weapon
 s - 3 scrolls of butterflies
 y - 2 scrolls of enchant armour
 B - 3 scrolls of fear
 C - a scroll of acquirement {unknown}
Potions
 d - a potion of magic
 t - 2 potions of attraction {unknown}
 v - 2 potions of mutation {unknown}
 w - a potion of heal wounds {unknown}
 x - 2 potions of lignification {unknown}
 z - a potion of curing {unknown}
 A - 2 potions of might {unknown}
 E - a potion of brilliance {unknown}


   Skills:
 + Level 1.8 Fighting
 + Level 3.7 Short Blades
 + Level 2.7 Armour
 + Level 3.4 Dodging
 + Level 2.8 Stealth
 + Level 5.9 Spellcasting
 + Level 4.1 Conjurations
 + Level 1.0 Summonings
 + Level 0.8 Translocations


You had 7 spell levels left.
You knew the following spells:

 Your Spells              Type           Power      Damage    Failure   Level
a - Magic Dart            Conj           100%       1d8       1%          1
b - Slow                  Hex            28%        N/A       11%         1
c - Call Imp              Summ           12%        N/A       11%         2
d - Blink                 Tloc           22%        N/A       11%         2
e - Cigotuvi's Dreadful   Necr/Pois/Air  14%        N/A       16%         2
f - Mephitic Cloud        Conj/Pois/Air  13%        N/A       19%         3

Your spell library contained the following spells:

 Spells                   Type           Power      Damage    Failure   Level
 Beastly Appendage        Tmut           14%        N/A       11%         1
 Wereblood                Tmut           7%         N/A       16%         2
 Spider Form              Tmut/Pois      7%         N/A       32%         3


Dungeon Overview and Level Annotations

Branches:
Dungeon (6/15)
 Temple: D:4-7

Altars:
Sif Muna
Xom
Yredelemnul

Shops:
D:2 [   D:4 *   D:5 ?

Annotations:
D:6 Maggie


Innate Abilities, Weirdness & Mutations

You have a pair of small antennae on your head.
You may rarely emit foul miasma when damaged in melee.
You regenerate magic rapidly.
You have a small tail.
Your touch may inflict minor irresistible damage on your foes.


Message History

The magic dart hits Maggie but does no damage.
Maggie is lightly wounded.
The adder hisses angrily.
A kobold brigand comes into view.
It is wielding a +0 dagger and quivering poisoned darts.
Maggie hits you with a +1 vorpal scimitar!
You hit Maggie. You tail-slap Maggie.
Maggie is lightly wounded.
Maggie barely misses you.
You hit Maggie but do no damage.
Maggie is lightly wounded.
Maggie gestures at you while chanting. The bolt of fire misses you.
You hit Maggie. Your touch misses Maggie. You punch Maggie.
Maggie is moderately wounded.
The adder barely misses you. Maggie closely misses you.
The adder closely misses you.
You hit Maggie but do no damage. You tail-slap Maggie, but do no damage.
Maggie is moderately wounded.
Maggie barely misses you. The adder closely misses you.
You barely miss Maggie. You tail-slap Maggie.
Maggie is moderately wounded.
You break out of your daze.
The adder bites you but does no damage.
Maggie hits you with a +1 vorpal scimitar.
* * * LOW HITPOINT WARNING * * *
x2 You emit a cloud of foul miasma!
You closely miss the adder.
The kobold brigand shouts!
You hear a shout!
The adder closely misses you.
You barely miss the adder.
Your tail-slap misses the adder.
Maggie is engulfed in dark miasma.
Maggie is poisoned.
Maggie hits you with a +1 vorpal scimitar!
* * * LOW HITPOINT WARNING * * *
x2 The adder bites you but does no damage.
You hit the adder.
The adder is moderately wounded.
The adder closely misses you.
Maggie is engulfed in dark miasma.
Maggie looks even sicker.
Maggie hits you with a +1 vorpal scimitar!
You die...

........... .........
#.. ....... ##....#
..... .....# ... ##...#
#.# ### ## ### #.##
..######...K.##.S######.
........K.......@@......
Z...### #####..#######..
....# ..... ....#
#...... ....### ##)#...
......# ###.## ....PP#
.. ....P.# ... #.#...#


You could see Maggie (very poisoned), a kobold brigand and an adder.

Vanquished Creatures
  Eustachio (D:4)
  Duvessa (D:4)
  2 ice beasts (D:5)
  2 phantoms
  A scorpion (D:4)
  2 necrophages
  Dowan (D:4)
  3 hounds
  A jelly (D:6)
  An orc priest (D:6)
  An iguana (D:4)
  Jessica (D:3)
  Natasha (thrice) (D:2)
  2 orc wizards
  7 adders
  3 dart slugs
  12 orcs
  4 endoplasms
  9 goblins
  3 hobgoblins
  3 quokkas
  7 ball pythons
  2 bats (D:1)
  2 frilled lizards (D:1)
  6 kobolds
  8 rats
88 creatures vanquished.

Vanquished Creatures (others)
  5 plants
5 creatures vanquished.

Grand Total: 93 creatures vanquished

Notes
Turn   | Place    | Note
-------+----------+-------------------------------------------
     0 | D:1      | ChrisCrawling the Demonspawn Hedge Wizard began the quest
                  | for the Orb.
     0 | D:1      | Reached XP level 1. HP: 13/13 MP: 4/4
     2 | D:1      | Learned a level 1 spell: Slow
   184 | D:1      | Discovered your monstrous ancestry.
   184 | D:1      | Gained mutation: Your touch may inflict minor irresistible
                  | damage on your foes. [demonic ancestry]
   184 | D:1      | Reached XP level 2. HP: 19/19 MP: 1/6
  1071 | D:2      | Learned a level 2 spell: Call Imp
  1074 | D:2      | Learned a level 2 spell: Blink
  1418 | D:2      | Gained mutation: You have a small tail. [demonic ancestry]
  1418 | D:2      | Reached XP level 3. HP: 24/24 MP: 4/7
  1580 | D:2      | Noticed Natasha
  1586 | D:2      | Killed Natasha
  1587 | D:2      | Reached skill level 1 in Short Blades
  1662 | D:2      | Identified the +2 leather armour "Ligg" {Fly rC+}
  1672 | D:2      | Reached XP level 4. HP: 31/31 MP: 6/9
  1846 | D:2      | Noticed Natasha
  1852 | D:2      | Killed Natasha
  1960 | D:2      | Noticed Natasha
  1969 | D:2      | Killed Natasha
  2036 | D:2      | Found Nuhiasso's Armour Shop.
  2096 | D:2      | Found a faded altar of an unknown god.
  2177 | D:3      | Learned a level 2 spell: Cigotuvi's Dreadful Rot
  2197 | D:3      | Identified the +3 dagger of Wyrd {vorpal, Int+5}
  2209 | D:3      | Reached skill level 4 in Spellcasting
  2209 | D:3      | Reached XP level 5. HP: 36/36 MP: 7/11
  2579 | D:3      | Noticed Jessica
  2585 | D:3      | Killed Jessica
  2605 | D:3      | Got Jessica's Anthology of Malediction
  2611 | D:3      | Learned a level 3 spell: Mephitic Cloud
  2739 | D:3      | Gained mutation: You may rarely emit foul miasma when
                  | damaged in melee. [demonic ancestry]
  2739 | D:3      | Reached XP level 6. HP: 42/42 MP: 6/12
  2989 | D:4      | Found a shimmering altar of Xom.
  3038 | D:4      | Noticed Duvessa
  3041 | D:4      | Noticed Dowan
  3053 | D:4      | Killed Duvessa
  3054 | D:4      | Reached skill level 1 in Fighting
  3054 | D:4      | Reached skill level 1 in Armour
  3064 | D:4      | Noticed Eustachio
  3066 | D:4      | Found Xid Vodoo's Assorted Antiques.
  3112 | D:4      | Found a shimmering blue altar of Sif Muna.
  3139 | D:4      | Became a worshipper of Sif Muna the Loreminder
  3293 | D:4      | Killed Dowan
  3294 | D:4      | Gained mutation: You regenerate magic rapidly. [demonic
                  | ancestry]
  3294 | D:4      | Reached XP level 7. HP: 48/48 MP: 10/14
  3530 | D:4      | Killed Eustachio
  3531 | D:4      | Reached skill level 5 in Spellcasting
  3784 | D:5      | Entered Level 5 of the Dungeon
  4018 | D:5      | Found Menin's Magic Scroll Shop.
  4085 | D:5      | Gained mutation: You have a pair of small antennae on your
                  | head. [demonic ancestry]
  4085 | D:5      | Reached XP level 8. HP: 49/55 MP: 14/16
  4581 | D:6      | Found a basalt altar of Yredelemnul.
  4585 | D:6      | Noticed Maggie
  4657 | D:6      | HP: 2/56 [Maggie/+1 vorpal scimitar (13)]
  4658 | D:6      | Mangled by Maggie

Illustrated notes

Levels and vault maps discovered:
D:1:      mainiacjoe_arrival_reflecting_pool, layout_basic
D:2:      layout_loops_ring, ebering_ecumenical_altar_box, serial_shops,
          nicolae_square_shop, uniq_natasha
D:3:      layout_rooms, kennysheep_jessica_study
D:4:      layout_basic, mainiacjoe_overflow_chevrons,
          mainiacjoe_overflow_alcove_2, old_standard_altar, serial_shops, shop,
          uniq_duvessa, uniq_eustachio
D:5:      layout_basic, serial_shops, shop, grunt_decor_clamped
D:6:      layout_rooms, nicolae_yredelemnul_corpse_copse, gammafunk_ghost_icy,
          sigmund_edmund_badplayer, uniq_maggie

Skill      XL: |  1  2  3  4  5  6  7 |
---------------+----------------------+-----
Dodging        | 2 3 |  3.4
Short Blades   | 1 2 3 |  3.7
Stealth        | 2 |  2.8
Conjurations   | 2 3 4 |  4.1
Spellcasting   | 4 5 |  5.9
Fighting       | 1 |  1.8
Armour         | 1 2 |  2.7
Summonings     | |  1.0
Translocations | |  0.8

Action                   |  1- 3 |  4- 6 |  7- 9 || total
-------------------------+-------+-------+-------++-------
Melee: Dagger            |    32 |    51 |    54 ||   137
       Touch             |     2 |     9 |     7 ||    18
       Tailslap          |       |     6 |     8 ||    14
       Unarmed           |       |     2 |       ||     2
       Punch             |       |       |     2 ||     2
 Cast: Magic Dart        |    55 |    69 |    62 ||   186
  Use: Scroll            |     6 |     4 |     5 ||    15
       Potion            |     1 |       |       ||     1
Armor: Robe              |     5 |       |       ||     5
       Leather armour    |       |    15 |    13 ||    28
       Skin              |       |     4 |     6 ||    10
Dodge: Dodged            |    14 |    31 |    26 ||    71

Table legend: (Time is in decaauts)
 A = Elapsed time spent in this place.
 B = Non-inter-level travel time spent in this place.
 C = Inter-level travel time spent in this place.
 D = Time resting spent in this place.
 E = Time spent auto-exploring this place.
 F = Levels seen in this place.
 G = Mean time per level.
                   A        B        C        D        E       F      G
               +--------+--------+--------+--------+--------+-----+--------+
         Total |   4619 |   4619 |      0 |    574 |   2711 |   6 |  769.8 |
       Dungeon |   4619 |   4619 |      0 |    574 |   2711 |   6 |  769.8 |
               +--------+--------+--------+--------+--------+-----+--------+

Top non-repeatable levels by time:
     D:2: 1213 daAuts
     D:1: 955 daAuts
     D:4: 905 daAuts
     D:5: 725 daAuts
     D:3: 677 daAuts
     D:6: 141 daAuts
